 Dungeon Crawl Stone Soup version 0.28-a0-1182-g381e24db82 (webtiles) character file.

Game seed: 15284483652928686429

42 Essalna the Firebug (level 3, 0/24 HPs)
             Began as a Demonspawn Fire Elementalist on Dec 17, 2021.
             Succumbed to an adder's poison
             ... on level 2 of the Dungeon.
             The game lasted 00:02:21 (2092 turns).

Essalna the Firebug (Demonspawn Fire Elementalist)  Turns: 2092, Time: 00:02:21

Health: 0/24       AC:  2    Str:  8    XL:     3   Next: 33%
Magic:  5/6        EV: 12    Int: 18    God:
Gold:   27         SH:  0    Dex: 13    Spells: 6/7 levels left

rFire   . . .      SeeInvis .   b - +0 dagger
rCold   . . .      Faith    .   (no shield)
rNeg    . . .      Spirit   .   a - +0 robe
rPois   .          Reflect  .   (no helmet)
rElec   .          Harm     .   (no cloak)
rCorr   .          Rampage  .   (no gloves)
Will    .....                   (no boots)
Stlth   ++........              (no amulet)
HPRegen 0.08/turn               (no ring)
MPRegen 0.10/turn               (no ring)

@: lethally poisoned (0 -> -2), flying
A: demonic guardian 1
a: no special abilities


You were on level 2 of the Dungeon.
You visited 1 branch of the dungeon, and saw 2 of its levels.

You collected 27 gold pieces.

Inventory:

Hand Weapons
 b - a +0 dagger (weapon)
Armour
 a - a +0 robe (worn)
Scrolls
 d - a scroll of amnesia {unknown}
 f - a scroll of teleportation {unknown}
 i - 2 scrolls of fog {unknown}
Potions
 e - a potion of heal wounds {unknown}
 g - a potion of curing {unknown}
 h - a potion of mutation {unknown}


   Skills:
 - Level 1.7 Dodging
 - Level 1.7 Stealth
 + Level 2.6 Spellcasting
 + Level 2.0 Conjurations
 + Level 3.1 Fire Magic


You had 6 spell levels left.
You knew the following spells:

 Your Spells              Type           Power      Damage    Failure   Level
a - Foxfire               Conj/Fire      44%        2x1d6     6%          1

Your spell library contained the following spells:

 Spells                   Type           Power      Damage    Failure   Level
 Scorch                   Fire           26%        2d6       7%          2
 Conjure Flame            Conj/Fire      11%        6-21      17%         3
 Inner Flame              Hex/Fire       8%         N/A       26%         3
 Flame Wave               Conj/Fire      11%        2d5       50%         4


Dungeon Overview and Level Annotations

Branches:
Dungeon (2/15)

Altars:


Innate Abilities, Weirdness & Mutations

A weak demonic guardian rushes to your aid.


Message History

Casting: Foxfire (safe; 6% risk of failure)
Confirm with . or Enter, or press ? or * to list all spells.
You conjure some foxfire!
Your foxfire dissipates! x2
Your foxfire dissipates! x2
Key pressed, stopping explore.
You open the door.
There is an open door here.
Key pressed, stopping explore.
A hobgoblin comes into view.
A hobgoblin is nearby!
The hobgoblin shouts!
An adder comes into view.
The adder hisses angrily.
Found 18 arrows.
You conjure some foxfire!
The adder misses you. The hobgoblin hits you.
There is not enough space to conjure foxfire!
There is not enough space to conjure foxfire!
You barely miss the adder.
The foxfire hits the hobgoblin but does no damage.
The adder bites you.
You are poisoned.
The adder poisons you! The hobgoblin hits you.
You are too injured to fight recklessly!
You are too injured to fight recklessly!
You hit the hobgoblin but do no damage.
You feel sick.
A goblin comes into view. It is wielding a +0 club.
The adder bites you. The hobgoblin hits you.
* * * LOW HITPOINT WARNING * * *
You closely miss the hobgoblin.
You feel sick. The adder barely misses you. The hobgoblin closely misses you.
The adder bites you.
* * * LOW HITPOINT WARNING * * *
A demonic guardian appears!
Your foxfire dissipates!
* * * LOW HITPOINT WARNING * * *
You feel sick.
Your shadow imp hits the hobgoblin.
It was a potion of flight.
You feel very buoyant.
You fly up into the air.
You die...

#.###.#.#.##.#
#.# #........#
#.#####รท#.####
#.......#.#
#########.# #.#
#.# #.# #@# #S#
#....g5#
(..........
.........#.#
.........#.#
#.#....g.. # #
#...#.##
#...#'#


You could see an adder, a hobgoblin (ally target), a goblin and a friendly
shadow imp (summoned).

Vanquished Creatures
  An endoplasm (D:1)
  6 giant cockroaches
  4 goblins (D:1)
  A hobgoblin (D:2)
  3 jackals (D:1)
  2 quokkas (D:1)
  7 ball pythons
  4 bats
  2 frilled lizards (D:1)
  3 kobolds (D:1)
  4 rats
37 creatures vanquished.

Vanquished Creatures (others)
  112 foxfires
112 creatures vanquished.

Grand Total: 149 creatures vanquished

Notes
Turn   | Place    | Note
-------+----------+-------------------------------------------
     0 | D:1      | Essalna the Demonspawn Fire Elementalist began the quest
                  | for the Orb.
     0 | D:1      | Reached XP level 1. HP: 13/13 MP: 3/3
   259 | D:1      | Gained mutation: A weak demonic guardian rushes to your
                  | aid. [demonic ancestry]
   259 | D:1      | Reached XP level 2. HP: 19/19 MP: 0/5
   559 | D:1      | Reached skill level 3 in Fire Magic
  1219 | D:1      | Reached XP level 3. HP: 21/24 MP: 4/6
  2091 | D:2      | HP: 1/24 [poisoned by an adder]
  2092 | D:2      | Succumbed to an adder's poison

Illustrated notes

Levels and vault maps discovered:
D:1:      elethiomel_arrival_quiet, layout_basic
D:2:      layout_loops_corners

Skill      XL: |  1  2  3 |
---------------+----------+-----
Fire Magic     | 3 |  3.1
Conjurations   | 2 |  2.0
Dodging        | |  1.7
Stealth        | |  1.7
Spellcasting   | |  2.6

Action                   || total
-------------------------++-------
Melee: Dagger            ||    63
 Cast: Foxfire           ||    73
  Use: Potion            ||     1
Armor: Robe              ||    16
Dodge: Dodged            ||    74

Table legend: (Time is in decaauts)
 A = Elapsed time spent in this place.
 B = Non-inter-level travel time spent in this place.
 C = Inter-level travel time spent in this place.
 D = Time resting spent in this place.
 E = Time spent auto-exploring this place.
 F = Levels seen in this place.
 G = Mean time per level.
                   A        B        C        D        E       F      G
               +--------+--------+--------+--------+--------+-----+--------+
         Total |   2091 |   2089 |      2 |      0 |   1841 |   2 | 1045.5 |
       Dungeon |   2091 |   2089 |      2 |      0 |   1841 |   2 | 1045.5 |
               +--------+--------+--------+--------+--------+-----+--------+

Top non-repeatable levels by time:
     D:1: 1521 daAuts
     D:2: 569 daAuts
